 Dungeon Crawl Stone Soup version 0.24.0-123-gd5b16e6ec5 (webtiles) character file.

Game seed: 10942000738080449505, levelgen mode: deterministic

872 Curus the Spear-Bearer (level 7, -3/56 HPs)
             Began as a Minotaur Gladiator on Dec 20, 2019.
             Was an Initiate of Trog.
             Slain by a sky beast (5 damage)
             ... on level 5 of the Dungeon.
             The game lasted 00:18:18 (4418 turns).

Curus the Spear-Bearer (Minotaur Gladiator)         Turns: 4418, Time: 00:18:19

Health: -3/56      AC:  5    Str: 19    XL:     7   Next: 74%
Magic:  6/6        EV: 13    Int:  7    God:    Trog [......]
Gold:   216        SH:  0    Dex: 13    Spells: 6/6 levels left

rFire    . . .     SeeInvis .   a - +2 trident
rCold    + . .     Gourm    .   (no shield)
rNeg     . . .     Faith    .   b - +0 leather armour
rPois    .         Spirit   .   c - +0 hat
rElec    .         Reflect  .   (no cloak)
rCorr    .         Harm     .   l - +0 pair of gloves
MR       .....                  k - +0 pair of boots
Stlth    +.........             (no amulet)
HPRegen  0.18/turn              g - +2 ring of dexterity
MPRegen  0.10/turn              j - ring of protection from cold

@: no status effects
A: retaliatory headbutt, horns 2, mutation resistance 1
a: Renounce Religion


You were on level 5 of the Dungeon.
You worshipped Trog.
Trog was noncommittal.
You were not hungry.

You visited 1 branch of the dungeon, and saw 5 of its levels.

You collected 216 gold pieces.

Inventory:

Hand Weapons
 a - a +2 trident (weapon)
Missiles
 d - 3 throwing nets (quivered)
Armour
 b - a +0 leather armour (worn)
 c - a +0 hat (worn)
 k - a +0 pair of boots (worn)
 l - a +0 pair of gloves (worn)
Jewellery
 e - an uncursed ring of attention
 g - a +2 ring of dexterity (left hand)
 j - a ring of protection from cold (right hand)
 m - an uncursed ring of protection from cold
 o - an uncursed ring of flight
 p - a cursed amulet of inaccuracy {unknown}
Wands
 n - a wand of polymorph (11)
Scrolls
 h - 4 scrolls of remove curse
Potions
 i - 2 potions of curing
Comestibles
 f - 5 rations


   Skills:
 - Level 2.4 Fighting
 + Level 11.0 Polearms
 - Level 2.0 Throwing
 - Level 3.2 Dodging


You had 6 spell levels left.
You didn't know any spells.
Your spell library was empty.

Dungeon Overview and Level Annotations

Branches:
Dungeon (5/15)
 Temple: D:4-7

Altars:
Gozag
Qazlal
Trog
Uskayaw
Xom


Innate Abilities, Weirdness & Mutations

You reflexively headbutt those who attack you in melee.
You have a pair of horns on your head.
You are somewhat resistant to further mutation.


Message History

You barely miss something. Your headbutt misses something. You miss something.
Something hits you but does no damage.
You closely miss something. Something hits you.
* * * LOW HITPOINT WARNING * * *
Something shocks you.
* * * LOW HITPOINT WARNING * * *
You closely miss something.
A sky beast appears from thin air!
Reactivating autopickup.
The sky beast hits you but does no damage.
You closely miss the sky beast.
You headbutt the sky beast, but do no damage.
The sky beast is almost dead.
You barely miss the sky beast. Your headbutt misses the sky beast.
The sky beast is almost dead.
The sky beast flickers out of sight!
Deactivating autopickup; reactivate with Ctrl-A.
Something hits you.
* * * LOW HITPOINT WARNING * * *
Something shocks you.
You die...

#..........#......
###..........#......
..........)()[.....
#........).#......
#.....(..).<...##.
#..........###.#
#.......#### ...
#.......# ...
#@{.....# ##
#########


There were no monsters in sight!

Vanquished Creatures
  Sigmund (D:4)
  2 phantoms (D:4)
  2 ogres (D:4)
  A scorpion (D:4)
  2 howler monkeys (D:4)
  2 orc priests
  2 worker ants (D:4)
  An adder (D:4)
  4 gnolls
  2 worms
  4 dart slugs
  2 leopard geckos (D:4)
  7 orcs
  5 giant cockroaches
  11 goblins
  6 hobgoblins
  8 kobolds
  3 quokkas
  3 ball pythons
  3 bats
  8 frilled lizards
  5 rats
84 creatures vanquished.

Notes
Turn   | Place    | Note
-------+----------+-------------------------------------------
     0 | D:1      | Curus the Minotaur Gladiator began the quest for the Orb.
     0 | D:1      | Reached XP level 1. HP: 18/18 MP: 0/0
   230 | D:1      | Reached skill level 4 in Polearms
   419 | D:1      | Reached XP level 2. HP: 25/25 MP: 1/1
   809 | D:1      | Reached skill level 5 in Polearms
  1086 | D:1      | Reached XP level 3. HP: 30/30 MP: 2/2
  2008 | D:2      | Reached skill level 6 in Polearms
  2008 | D:2      | Reached XP level 4. HP: 37/37 MP: 3/3
  2190 | D:3      | Found a bloodstained altar of Trog.
  2196 | D:3      | Became a worshipper of Trog the Wrathful
  2381 | D:3      | Gained mutation: You are frail. (-10% HP) [potion of
                  | mutation]
  2381 | D:3      | Gained mutation: Your flesh is cold resistant. (rC+)
                  | [potion of mutation]
  2381 | D:3      | Gained mutation: Your body sometimes deteriorates upon
                  | taking damage. [potion of mutation]
  2381 | D:3      | Gained mutation: You are somewhat resistant to further
                  | mutation. [potion of mutation]
  2954 | D:3      | Lost mutation: Your body sometimes deteriorates upon taking
                  | damage. [potion of mutation]
  2954 | D:3      | Lost mutation: You are frail. (-10% HP) [potion of
                  | mutation]
  2954 | D:3      | Lost mutation: Your flesh is cold resistant. (rC+) [potion
                  | of mutation]
  2966 | D:4      | Noticed an ogre
  2974 | D:4      | Killed an ogre
  2974 | D:4      | Reached skill level 7 in Polearms
  2974 | D:4      | Reached XP level 5. HP: 16/42 MP: 4/4
  3223 | D:4      | Reached skill level 8 in Polearms
  3227 | D:4      | Reached XP level 6. HP: 24/50 MP: 5/5
  3414 | D:4      | Reached skill level 9 in Polearms
  3490 | D:4      | Noticed Sigmund
  3639 | D:4      | Reached XP level 7. HP: 39/56 MP: 6/6
  3655 | D:4      | Found a hide-covered altar of Uskayaw.
  3686 | D:4      | Reached skill level 10 in Polearms
  4011 | D:4      | Found a stormy altar of Qazlal.
  4301 | D:4      | Killed Sigmund
  4378 | D:5      | Entered Level 5 of the Dungeon
  4378 | D:5      | Found a shimmering altar of Xom.
  4388 | D:5      | Reached skill level 11 in Polearms
  4403 | D:5      | Found an opulent altar of Gozag.
  4418 | D:5      | HP: 2/56 [something (3)]
  4418 | D:5      | Slain by a sky beast

Levels and vault maps discovered:
D:1:      minmay_arrival_four_loops, layout_basic
D:2:      layout_basic
D:3:      layout_basic, bloody_trog
D:4:      layout_basic, marbit_many_paths, first_ration, grunt_ministairs_2,
          minmay_misc_feat_roman, nicolae_qazlal_general_emergency, uniq_sigmund
D:5:      layout_basic, grunt_temple_overflow_open, lemuel_doored_altar,
          minmay_temple_entry_large_hall, uniq_ijyb, uniq_blork_the_orc,
          uniq_prince_ribbit1, uniq_menkaure

Skill      XL: |  1  2  3  4  5  6  7 |
---------------+----------------------+-----
Polearms       | 4 5 6 7 8 9 11 | 11.0
Fighting       | |  2.4
Throwing       | |  2.0
Dodging        | |  3.2

Action                   |  1- 3 |  4- 6 |  7- 9 || total
-------------------------+-------+-------+-------++-------
Melee: Trident           |    97 |    83 |    53 ||   233
       Headbutt          |    16 |    17 |    12 ||    45
  Use: Scroll            |     4 |     4 |       ||     8
       Potion            |     2 |     5 |       ||     7
 Stab: Sleeping          |     1 |     1 |       ||     2
  Eat: Chunk             |     3 |     5 |     1 ||     9
       Ration            |       |       |     1 ||     1
Armor: Leather armour    |    21 |     7 |     7 ||    35
Dodge: Dodged            |    36 |    11 |    15 ||    62
